 Dungeon Crawl Stone Soup version 0.31.0-11-ge490571c62 (webtiles) character file.

Game seed: 480622229821237882

74 qw the Shooter (level 4, -1/22 HPs)
             Began as a Spriggan Hunter on Feb 3, 2024.
             Slain by a gnoll
             ... wielding a +0 flail
              (5 damage)
             ... on level 2 of the Dungeon.
             The game lasted 00:00:18 (685 turns).

qw the Shooter (Spriggan Hunter)                     Turns: 685, Time: 00:00:18

Health: -1/22      AC:  2    Str:  7    XL:     4   Next: 9%
Magic:  0/5        EV: 19    Int: 10    God:
Gold:   99         SH:  0    Dex: 20    Spells: 3/3 levels left

rFire   . . .        a - +0 shortbow
rCold   . . .        (shield currently unavailable)
rNeg    . . .        c - +0 robe
rPois   .            (helmet restricted)
rElec   .            (no cloak)
rCorr   .            (gloves unavailable)
SInv    +            (boots unavailable)
Will    .....        e - amulet of guardian spirit
Stlth   ++           (no ring)
HPRegen 0.23/turn    (no ring)
MPRegen 0.09/turn

%: guardian spirit
@: about to teleport, very quick
A: very small, no large weapons, unfitting armour, see invisible, speed 3
a: no special abilities


You were on level 2 of the Dungeon.
You visited 1 branch of the dungeon, and saw 2 of its levels.

You collected 99 gold pieces.


Innate Abilities, Weirdness & Mutations

You are very small and have problems with some larger weapons.
You are too small for most types of armour.
You have supernaturally acute eyesight. (SInv)
You cover ground extremely quickly. (Speed+++)


   Skills:
 - Level 1.5 Fighting
 - Level 5.1 Ranged Weapons
 + Level 4.2 Dodging
 - Level 1.5 Stealth


You had 3 spell levels left.
You didn't know any spells.
Your spell library was empty.

Inventory:

Hand Weapons
 a - a +0 shortbow (weapon)
Armour
 c - a +0 robe (worn)
Jewellery
 e - an amulet of guardian spirit (around neck)
Scrolls
 b - a scroll of amnesia {unknown}
 d - a scroll of fear {unknown}
 g - 2 scrolls of teleportation

Dungeon Overview and Level Annotations

Branches:
Dungeon (2/15)

Altars:

Shops:
D:1 :


Message History

The arrow hits the endoplasm!
You kill the endoplasm!
The gnoll misses you. The gnoll completely misses you.
You shoot an arrow. The arrow hits the gnoll!
The gnoll is almost dead.
The gnoll closely misses you. The gnoll hits you with a +0 club.
You shoot an arrow. The arrow hits the gnoll!
You kill the gnoll!
The gnoll misses you. The gnoll barely misses you.
Your Ranged Weapons skill increases to level 5!
You shoot an arrow. The arrow barely misses the gnoll.
The gnoll misses you.
You shoot an arrow. The arrow hits the gnoll.
The gnoll is moderately wounded.
A gnoll comes into view. It is wielding a +0 flail.
The gnoll misses you.
You shoot an arrow. The gnoll shouts!
The arrow hits the gnoll but does no damage.
The gnoll is moderately wounded.
The gnoll completely misses you.
You shoot an arrow. The arrow hits the gnoll.
The gnoll is severely wounded.
The gnoll closely misses you.
You shoot an arrow. The arrow barely misses the gnoll.
The gnoll misses you.
You shoot an arrow.
The arrow hits the gnoll but does no damage.
The gnoll is severely wounded.
The gnoll hits you with a +0 club.
You shoot an arrow. The arrow hits the gnoll!
You kill the gnoll!
You have reached level 4!
You shoot an arrow. The arrow barely misses the gnoll.
The gnoll hits you with a +0 flail. The gnoll completely misses you.
685 ||| READING 3 scrolls of teleportation.
As you read the scroll of teleportation, it crumbles to dust.
You feel strangely unstable. The gnoll hits you with a +0 flail.
You die...

. # .# .. # #. .. .. #.
.. .#..........#.####.##
.#................ .
.#.............$g#.#
.#......)....# #@#.# ###
.+...........###...#...#
.#...........##%....#
.#..................#
.....#..........##..#
#...##.#......#.# .....
.....#......#.### ....#
........(...#.# #####
>.....(#......#


You could see a gnoll.

Vanquished Creatures
  3 gnolls (D:2)
  A dart slug (D:1)
  A ribbon worm (D:2)
  2 ball pythons (D:1)
  5 bats
  5 endoplasms
  2 giant cockroaches (D:1)
  3 goblins
  2 hobgoblins
  3 jackals (D:1)
  5 kobolds
  A quokka (D:2)
  4 frilled lizards
  2 rats
39 creatures vanquished.

Notes
Turn   | Place    | Note
-------+----------+-------------------------------------------
     0 | D:1      | qw the Spriggan Hunter began the quest for the Orb.
     0 | D:1      | Reached XP level 1. HP: 10/10 MP: 2/2
     0 | D:1      | 0 ||| qw: Version: 0.3-a-155-g5e7d8dd
     0 | D:1      | 0 ||| qw: Game counter: 3096
     0 | D:1      | 0 ||| qw: Melee chars always use a shield: true
     0 | D:1      | 0 ||| qw: God list: Okawaru
     0 | D:1      | 0 ||| qw: Allow faded altars: false
     0 | D:1      | 0 ||| qw: Do Orc after clearing Dungeon:15 true
     0 | D:1      | 0 ||| qw: Do second Lair branch before Depths: true
     0 | D:1      | 0 ||| qw: Lair rune preference: random
     0 | D:1      | 0 ||| qw: Goals: Normal
     0 | D:1      | 0 ||| PLANNING D:1-11
    29 | D:1      | Reached skill level 3 in Dodging
   138 | D:1      | Reached XP level 2. HP: 14/14 MP: 3/3
   185 | D:1      | Found Dawnagij's Vocational Training.
   455 | D:1      | Reached XP level 3. HP: 18/18 MP: 4/4
   517 | D:1      | 517 ||| UPGRADING to amulet of guardian spirit.
   522 | D:1      | 522 ||| READING scroll labelled ZIAPHEYMOA.
   523 | D:1      | 523 ||| READING scroll labelled PERAM PIUJI.
   523 | D:1      | 523 ||| IDENTIFYING 3 scrolls labelled VISAAL PEXU
   524 | D:1      | 524 ||| DROPPING scroll of butterflies.
   618 | D:2      | Identified the +6 mace "Demonbane" {elec, rF+ Str+2}
   677 | D:2      | Reached skill level 5 in Ranged Weapons
   684 | D:2      | Reached XP level 4. HP: 8/22 MP: 1/5
   684 | D:2      | HP: 4/22 [gnoll/+0 flail (4)]
   685 | D:2      | 685 ||| READING 3 scrolls of teleportation.
   685 | D:2      | Slain by a gnoll

Levels and vault maps discovered:
D:1:      dpeg_arrival_simpleton_c, layout_rooms, grunt_decor_clamped,
          nicolae_shop_vocational
D:2:      cheibrodos_greedy_goblins, layout_basic,
          hellmonk_ecumenical_altar_defaced_shrine

Skill      XL: |  1  2  3 |
---------------+----------+-----
Dodging        | 3 4 |  4.2
Ranged Weapons | 5 |  5.1
Fighting       | |  1.5
Stealth        | |  1.5

Action                     |  1- 3 |  4- 6 || total
---------------------------+-------+-------++-------
   Fire: Shortbow          |   115 |     1 ||   116
    Use: Scroll            |     2 |     1 ||     3
 Armour: Robe              |    17 |     2 ||    19
  Dodge: Dodged            |    50 |     1 ||    51

Table legend:
 A = Non-vault XP
 B = Vault XP
 C = Vault XP percentage of total XP
 D = Non-vault monster count
 E = Vault monster count
 F = Vault count percentage of total count
                 A         B        C        D         E       F
            +---------+---------+-------+---------+---------+-------
      Total |     106 |       0 |   0.0 |      39 |       0 |   0.0
            +---------+---------+-------+---------+---------+-------
        D:1 |      42 |       0 |   0.0 |      23 |       0 |   0.0
        D:2 |      64 |       0 |   0.0 |      16 |       0 |   0.0
            +---------+---------+-------+---------+---------+-------
